MLB
MIAMI MARLINS @ ATLANTA BRAVES
05/09/2020
 
TOP OF THE 1ST
Miami Marlins batting - Pitching for Atlanta Braves : RHP Miles Mikolas
Pitching: RHP Miles Mikolas
Batting: SHB Francisco Lindor 0-0: Ball
1-0: Ball
2-0: Reached on error, E1 (Groundball, 15S, EV 43.8 MPH)
Batting: RHB Javier Baez 0-0: Ball
1-0: Swinging Strike
1-1: Ball
2-1: 2-RUN HOME RUN (Flyball, 7D, EV 92.5 MPH), Distance : 378 ft
Batting: LHB Brandon Belt 0-0: Foul Ball, location: 2F
0-1: Fly out, F4 (Line Drive, 4, EV 74.4 MPH)
Batting: RHB Miguel Andujar 0-0: Reached on error, E5 (Groundball, 56S, EV 63.8 MPH)
Batting: LHB Kyle Tucker 0-0: Foul Ball, location: 2F
0-1: Ground out 4-3 (Groundball, 4, EV 78.8 MPH)
Miguel Andujar to third
Batting: RHB Jordan Luplow 0-0: Ball
1-0: Ball
2-0: Ground out 5-3 (Groundball, 56S, EV 86.3 MPH)
Top of the 1st over - 2 runs, 1 hit, 2 errors, 1 left on base; Miami 2 - Atlanta 0
BOTTOM OF THE 1ST
Atlanta Braves batting - Pitching for Miami Marlins : LHP Luiz Gohara
Pitching: LHP Luiz Gohara
Batting: RHB Yasiel Puig 0-0: Called Strike
0-1: Swinging Strike
0-2: Foul Ball, location: 2F
0-2: Foul Ball, location: 2F
0-2: SOLO HOME RUN (Flyball, 78XD, EV 103.1 MPH), Distance : 448 ft
Batting: RHB Vladimir Guerrero Jr. 0-0: Ball
1-0: Ball
2-0: Ball
3-0: Base on Balls
Batting: LHB Freddie Freeman 0-0: Ball
1-0: Foul Ball, location: 2F
1-1: Swinging Strike
1-2: Foul Ball, location: 2F
1-2: Strikes out swinging
Batting: RHB Ronald Acuna Jr. 0-0: Foul Ball, location: 2F
0-1: Ball
1-1: 2-RUN HOME RUN (Flyball, 78XD, EV 106.9 MPH), Distance : 446 ft
Batting: LHB Yordan Alvarez 0-0: Ball
1-0: Called Strike
1-1: Ball
2-1: Foul Ball, location: 2F
2-2: Ball
3-2: Strikes out swinging
Batting: RHB Keston Hiura 0-0: Ball
1-0: Called Strike
1-1: Ball
2-1: Ball
3-1: Foul Ball, location: 2F
3-2: Foul Ball, location: 2F
3-2: Foul Ball, location: 2F
3-2: Fly out, F8 (Flyball, 8LXD, EV 95.0 MPH)
Bottom of the 1st over - 3 runs, 2 hits, 0 errors, 0 left on base; Miami 2 - Atlanta 3
TOP OF THE 2ND
Miami Marlins batting - Pitching for Atlanta Braves : RHP Miles Mikolas
Batting: RHB Raudy Read 0-0: Fly out, F3 (Popup, 23F, EV 94.4 MPH)
Batting: LHB Luiz Gohara 0-0: Ball
1-0: Foul Ball, location: 2F
1-1: Ball
2-1: Ground out 6-3 (Groundball, 56D, EV 103.1 MPH)
Batting: RHB Victor Robles 0-0: Ball
1-0: Foul Ball, location: 2F
1-1: Ground out 6-3 (Groundball, 56, EV 103.8 MPH)
Top of the 2nd over - 0 runs, 0 hits, 0 errors, 0 left on base; Miami 2 - Atlanta 3
BOTTOM OF THE 2ND
Atlanta Braves batting - Pitching for Miami Marlins : LHP Luiz Gohara
Batting: LHB Corey Seager 0-0: Ball
1-0: Ball
2-0: Called Strike
2-1: Ball
3-1: Foul Ball, location: 2F
3-2: Ground out 6-3 (Groundball, 6, EV 100.6 MPH)
Batting: RHB Tyler Flowers 0-0: Called Strike
0-1: Foul Ball, location: 2F
0-2: Hit by Pitch
Batting: RHB Miles Mikolas 0-0: Ball
1-0: Sac Bunt to 2R - play at first, batter OUT! 2-4
Tyler Flowers to second
Batting: RHB Yasiel Puig 0-0: Called Strike
0-1: Ball
1-1: Ball
2-1: SINGLE (Groundball, 5S, EV 58.1 MPH) (infield hit)
Tyler Flowers to third
Batting: RHB Vladimir Guerrero Jr. 0-0: Called Strike
0-1: Ball
1-1: Ball
2-1: Fielders Choice at 2nd, 6-4 (Groundball, 6, EV 102.5 MPH)
Bottom of the 2nd over - 0 runs, 1 hit, 0 errors, 2 left on base; Miami 2 - Atlanta 3
TOP OF THE 3RD
Miami Marlins batting - Pitching for Atlanta Braves : RHP Miles Mikolas
Batting: SHB Francisco Lindor 0-0: Called Strike
0-1: Ball
1-1: Fly out, F7 (Line Drive, 7D, EV 96.3 MPH)
Batting: RHB Javier Baez 0-0: Ball
1-0: Ball
2-0: Called Strike
2-1: Ball
3-1: Ground out 6-3 (Groundball, 6, EV 91.9 MPH)
Batting: LHB Brandon Belt 0-0: DOUBLE (Line Drive, 78M, EV 108.8 MPH)
Batting: RHB Miguel Andujar 0-0: Ball
1-0: Called Strike
1-1: Ball
2-1: Fly out, F9 (Flyball, 9, EV 88.1 MPH)
Top of the 3rd over - 0 runs, 1 hit, 0 errors, 1 left on base; Miami 2 - Atlanta 3
BOTTOM OF THE 3RD
Atlanta Braves batting - Pitching for Miami Marlins : LHP Luiz Gohara
Batting: LHB Freddie Freeman 0-0: Ball
1-0: Ball
2-0: Called Strike
2-1: Foul Ball, location: 2F
2-2: Strikes out swinging
Pitching: LHP Conner Menez
Batting: RHB Ronald Acuna Jr. 0-0: Called Strike
0-1: Swinging Strike
0-2: Ball
1-2: Ball
2-2: Strikes out swinging
Batting: LHB Yordan Alvarez 0-0: Ball
1-0: Ball
2-0: Ball
3-0: Base on Balls
Batting: RHB Keston Hiura 0-0: Foul Ball, location: 2F
0-1: Called Strike
0-2: Strikes out swinging
Bottom of the 3rd over - 0 runs, 0 hits, 0 errors, 1 left on base; Miami 2 - Atlanta 3
TOP OF THE 4TH
Miami Marlins batting - Pitching for Atlanta Braves : RHP Miles Mikolas
Batting: LHB Kyle Tucker 0-0: Ball
1-0: Ball
2-0: Ground out 6-3 (Groundball, 4MD, EV 100.6 MPH)
Batting: RHB Jordan Luplow 0-0: Ball
1-0: Ball
2-0: Ground out 5-3 (Groundball, 56S, EV 90.6 MPH)
Batting: RHB Raudy Read 0-0: Swinging Strike
0-1: Called Strike
0-2: Foul Ball, location: 2F
0-2: Ball
1-2: Foul Ball, location: 2F
1-2: Strikes out swinging
Top of the 4th over - 0 runs, 0 hits, 0 errors, 0 left on base; Miami 2 - Atlanta 3
BOTTOM OF THE 4TH
Atlanta Braves batting - Pitching for Miami Marlins : LHP Conner Menez
Batting: LHB Corey Seager 0-0: Called Strike
0-1: Ball
1-1: Fly out, F7 (Flyball, 7, EV 90.0 MPH)
Batting: RHB Tyler Flowers 0-0: Called Strike
0-1: Ball
1-1: Ball
2-1: Swinging Strike
2-2: Ball
3-2: Base on Balls
Batting: RHB Miles Mikolas 0-0: Bunted foul
0-1: Sac Bunt to 23 - play at second, runner OUT! 3-6
Batting: RHB Yasiel Puig 0-0: Ball
1-0: Swinging Strike
1-1: Ball
2-1: Ball
3-1: Base on Balls
Miles Mikolas to second
Batting: RHB Vladimir Guerrero Jr. 0-0: Ball
1-0: Called Strike
1-1: Ball
2-1: Called Strike
2-2: Foul Ball, location: 2F
2-2: Foul Ball, location: 2F
2-2: Strikes out swinging
Bottom of the 4th over - 0 runs, 0 hits, 0 errors, 2 left on base; Miami 2 - Atlanta 3
TOP OF THE 5TH
Miami Marlins batting - Pitching for Atlanta Braves : RHP Miles Mikolas
Batting: LHB Conner Menez 0-0: Ball
1-0: Swinging Strike
1-1: Ball
2-1: Ball
3-1: DOUBLE (Flyball, 8LD, EV 84.4 MPH)
Batting: RHB Victor Robles 0-0: Ground out 6-3 (Groundball, 6, EV 80.6 MPH)
Batting: SHB Francisco Lindor 0-0: Ball
1-0: Called Strike
1-1: SINGLE (Groundball, 23, EV 66.9 MPH) (infield hit)
Conner Menez to third
Batting: RHB Javier Baez 0-0: Ball
Francisco Lindor is caught stealing 2nd base 2-4
1-0: Foul Ball, location: 2F
1-1: Called Strike
1-2: Foul Ball, location: 2F
1-2: Ball
2-2: Fly out, F9 (Flyball, 89XD, EV 91.3 MPH)
Top of the 5th over - 0 runs, 2 hits, 0 errors, 1 left on base; Miami 2 - Atlanta 3
BOTTOM OF THE 5TH
Atlanta Braves batting - Pitching for Miami Marlins : LHP Conner Menez
Batting: LHB Freddie Freeman 0-0: Swinging Strike
0-1: Foul Ball, location: 2F
0-2: Strikes out swinging
Batting: RHB Ronald Acuna Jr. 0-0: Ball
1-0: Called Strike
1-1: Foul Ball, location: 2F
1-2: Hit by Pitch
Pitching: RHP Johnny Cueto
Batting: LHB Yordan Alvarez 0-0: Ball
Ronald Acuna Jr. is caught stealing 2nd base 2-6
1-0: Ball
2-0: Called Strike
2-1: Foul Ball, location: 2F
2-2: Ball
3-2: Foul Ball, location: 2F
3-2: Strikes out looking
Bottom of the 5th over - 0 runs, 0 hits, 0 errors, 0 left on base; Miami 2 - Atlanta 3
TOP OF THE 6TH
Miami Marlins batting - Pitching for Atlanta Braves : RHP Miles Mikolas
Batting: LHB Brandon Belt 0-0: Called Strike
0-1: Ball
1-1: Ground out U3 (Groundball, 3, EV 103.8 MPH)
Batting: RHB Miguel Andujar 0-0: Hit by Pitch
Batting: LHB Kyle Tucker 0-0: Ball
1-0: Hit by Pitch
Miguel Andujar to second
Batting: RHB Jordan Luplow 0-0: Ball
1-0: Called Strike
1-1: Foul Ball, location: 2F
1-2: Ball
2-2: Foul Ball, location: 2F
2-2: Grounds into double play, 6-4-3 (Groundball, 6, EV 83.8 MPH)
Top of the 6th over - 0 runs, 0 hits, 0 errors, 1 left on base; Miami 2 - Atlanta 3
BOTTOM OF THE 6TH
Atlanta Braves batting - Pitching for Miami Marlins : RHP Johnny Cueto
Batting: RHB Keston Hiura 0-0: Called Strike
0-1: SOLO HOME RUN (Flyball, 78XD, EV 106.3 MPH), Distance : 405 ft
Batting: LHB Corey Seager 0-0: Called Strike
0-1: Foul Ball, location: 2F
0-2: Ball
1-2: Ball
2-2: Foul Ball, location: 2F
2-2: Strikes out looking
Batting: RHB Tyler Flowers 0-0: Ball
1-0: Fly out, F5 (Popup, 5SF, EV 62.5 MPH)
Batting: RHB Miles Mikolas 0-0: Called Strike
0-1: Swinging Strike
0-2: Strikes out swinging
Bottom of the 6th over - 1 run, 1 hit, 0 errors, 0 left on base; Miami 2 - Atlanta 4
TOP OF THE 7TH
Miami Marlins batting - Pitching for Atlanta Braves : RHP Miles Mikolas
Batting: RHB Raudy Read 0-0: Ball
1-0: Ground out 5-3 (Groundball, 56S, EV 85.0 MPH)
Pinch Hitting: LHB Nick Williams 0-0: Called Strike
0-1: Ball
1-1: Foul Ball, location: 2F
1-2: DOUBLE (Line Drive, 78D, EV 108.8 MPH)
Batting: RHB Victor Robles 0-0: Swinging Strike
0-1: Ball
1-1: Ground out 4-3 (Groundball, 4, EV 88.8 MPH)
Nick Williams to third
Batting: SHB Francisco Lindor 0-0: Called Strike
0-1: Foul Ball, location: 2F
0-2: Strikes out swinging
Top of the 7th over - 0 runs, 1 hit, 0 errors, 1 left on base; Miami 2 - Atlanta 4
BOTTOM OF THE 7TH
Atlanta Braves batting - Pitching for Miami Marlins : RHP Johnny Cueto
Pitching: RHP Ian Kennedy
Batting: RHB Yasiel Puig 0-0: Ball
1-0: Fly out, F2 (Popup, 25F, EV 87.5 MPH)
Batting: RHB Vladimir Guerrero Jr. 0-0: Swinging Strike
0-1: Swinging Strike
0-2: SINGLE (Line Drive, 34D, EV 100.0 MPH)
Batting: LHB Freddie Freeman 0-0: Called Strike
0-1: Swinging Strike
0-2: Strikes out swinging
Batting: RHB Ronald Acuna Jr. 0-0: Called Strike
Vladimir Guerrero Jr. is caught stealing 2nd base 2-4
Bottom of the 7th over - 0 runs, 1 hit, 0 errors, 0 left on base; Miami 2 - Atlanta 4
TOP OF THE 8TH
Miami Marlins batting - Pitching for Atlanta Braves : RHP Miles Mikolas
Pitching: LHP Daniel Zamora
Batting: RHB Javier Baez 0-0: Called Strike
0-1: Called Strike
0-2: Ball
1-2: Strikes out swinging
Batting: LHB Brandon Belt 0-0: Fly out, F8 (Line Drive, 8RM, EV 97.5 MPH)
Batting: RHB Miguel Andujar 0-0: Called Strike
0-1: Swinging Strike
0-2: Fly out, F7 (Flyball, 7S, EV 85.0 MPH)
Top of the 8th over - 0 runs, 0 hits, 0 errors, 0 left on base; Miami 2 - Atlanta 4
BOTTOM OF THE 8TH
Atlanta Braves batting - Pitching for Miami Marlins : RHP Ian Kennedy
Batting: RHB Ronald Acuna Jr. 0-0: Called Strike
0-1: Foul Ball, location: 2F
0-2: Fly out, F8 (Flyball, 8LXD, EV 90.0 MPH)
Batting: LHB Yordan Alvarez 0-0: Called Strike
0-1: Foul Ball, location: 2F
0-2: Ball
1-2: Foul Ball, location: 2F
1-2: Strikes out swinging
Batting: RHB Keston Hiura 0-0: Ball
1-0: Ball
2-0: Ball
3-0: Called Strike
3-1: Foul Ball, location: 2F
3-2: Base on Balls
Batting: LHB Corey Seager 0-0: Ball
1-0: Called Strike
Keston Hiura steals 2nd, throwing error, E2
Keston Hiura to third
1-1: Foul Ball, location: 2F
1-2: Ball
2-2: Ball
3-2: Strikes out swinging
Bottom of the 8th over - 0 runs, 0 hits, 1 error, 1 left on base; Miami 2 - Atlanta 4
TOP OF THE 9TH
Miami Marlins batting - Pitching for Atlanta Braves : LHP Daniel Zamora
Pitching: LHP Brian Moran
Now at 2B: Franklin Barreto
Batting: LHB Kyle Tucker 0-0: Called Strike
0-1: Foul Ball, location: 2F
0-2: Ball
1-2: Fly out, F9 (Flyball, 9, EV 97.5 MPH)
Batting: RHB Jordan Luplow 0-0: Ball
1-0: Called Strike
1-1: Ball
2-1: Foul Ball, location: 2F
2-2: Ball
3-2: SINGLE (Line Drive, 34D, EV 95.0 MPH)
Batting: RHB Raudy Read 0-0: TRIPLE (Flyball, 8LXD, EV 89.4 MPH)
Jordan Luplow scores
Pinch Hitting: RHB C.J. Cron 0-0: Ball
1-0: Called Strike
1-1: Swinging Strike
1-2: Ground out 6-3 (Groundball, 6, EV 83.1 MPH)
Batting: RHB Victor Robles 0-0: Called Strike
0-1: Ball
1-1: Called Strike
1-2: Foul Ball, location: 2F
1-2: Ball
2-2: Strikes out swinging
Top of the 9th over - 1 run, 2 hits, 0 errors, 1 left on base; Miami 3 - Atlanta 4
Tuesday, June 30th, 2020 - OOTP Baseball 21.4 Build 63